 Dungeon Crawl Stone Soup version 0.25-a0-294-gea9b1ad378 (webtiles) character file.

Game seed: 4207499444109743221, levelgen mode: classic

55 Borgoz the Cudgeler (level 3, -4/23 HPs)
             Began as a Gargoyle Berserker on Dec 19, 2019.
             Was a Believer of Trog.
             Slain by an orc
             ... wielding a +0 morningstar
              (11 damage)
             ... on level 4 of the Dungeon.
             The game lasted 00:01:21 (1420 turns).

Borgoz the Cudgeler (Gargoyle Berserker)            Turns: 1420, Time: 00:01:21

Health: -4/23      AC:  5    Str: 20    XL:     3   Next: 93%
Magic:  3/3        EV: 12    Int:  7    God:    Trog [**....]
Gold:   67         SH:  2    Dex: 10    Spells: 2/2 levels left

rFire    . . .     SeeInvis .   a - +0 mace
rCold    . . .     Gourm    .   (no shield)
rNeg     + . .     Faith    .   b - +0 animal skin
rPois    ∞         Spirit   .   (no helmet)
rElec    +         Reflect  +   (no cloak)
rCorr    .         Harm     .   (no gloves)
MR       .....                  (no boots)
Stlth    +.........             h - +2 amulet of reflection
HPRegen  0.07/turn              (no ring)
MPRegen  0.08/turn              (no ring)

@: no status effects
A: negative energy resistance 1, electricity resistance, unbreathing,
petrification resistance, rot immunity, AC +3
a: Berserk, Trog's Hand, Renounce Religion


You were on level 4 of the Dungeon.
You worshipped Trog.
Trog was pleased with you.
You were hungry.

You visited 1 branch of the dungeon, and saw 3 of its levels.

You collected 67 gold pieces.

Inventory:

Hand Weapons
 a - a +0 mace (weapon)
Armour
 b - a +0 animal skin (worn)
Jewellery
 h - a +2 amulet of reflection (around neck)
Wands
 l - a wand of iceblast (5)
Scrolls
 e - 3 scrolls of teleportation {unknown}
 f - a scroll of identify {unknown}
 g - a scroll of immolation {unknown}
 k - a scroll of remove curse {unknown}
Potions
 d - a potion of might {unknown}
 i - 2 potions of curing {unknown}
Comestibles
 c - 2 rations
 j - 2 chunks of flesh


   Skills:
 - Level 3.2 Fighting
 + Level 3.6 Maces & Flails
 + Level 3.1 Armour
 + Level 2.3 Dodging


You had 2 spell levels left.
You didn't know any spells.
Your spell library was empty.

Dungeon Overview and Level Annotations

Branches:
Dungeon (2/15)

Altars:


Innate Abilities, Weirdness & Mutations

You are resistant to torment.
Your stone body is resilient. (AC +3)
You are immune to poison.
You resist negative energy. (rN+)
You are resistant to electric shocks. (rElec)
You can survive without breathing.
You are immune to petrification.
You are immune to rotting.


Message History

You hit the orc.
You kill the orc!
Trog accepts your kill.
You hear a shout!
The orc hits you with a +3 mace.
You hear a shout!
You hit the orc but do no damage. The orc hits you with a +3 mace.
You hit the orc.
The orc is almost dead.
The orc hits you with a +3 mace.
The orc wizard casts a spell.
The orc wizard blinks!
You closely miss the orc.
The orc is almost dead.
The orc closely misses you.
You hit the orc.
You kill the orc!
Trog accepts your kill. The orc hits you with a +0 morningstar!
You die...

#### ... ).# #.# #
#.# #.# #.#.# . #.#
.#.#### ..o #@#
.....# ...o.##o####
#.##.# ...........#
##.##.#
...$.##.#..###...#.##
.... #.#...........#
... ..##.###...#..#
#. #####.# ##.##..# #
#.# #.##..# #.#
#.....#


You could see an orc.

Vanquished Creatures
  An adder (D:2)
  4 dart slugs (D:1)
  A leopard gecko (D:1)
  2 orcs (D:4)
  2 bats (D:1)
  2 giant cockroaches
  4 goblins
  7 hobgoblins (D:1)
  3 frilled lizards (D:1)
  3 kobolds
  6 rats (D:1)
35 creatures vanquished.

Notes
Turn   | Place    | Note
-------+----------+-------------------------------------------
     0 | D:1      | Borgoz the Gargoyle Berserker began the quest for the Orb.
     0 | D:1      | Reached XP level 1. HP: 14/14 MP: 1/1
    39 | D:1      | Reached XP level 2. HP: 5/19 MP: 2/2
   678 | D:1      | Reached XP level 3. HP: 21/23 MP: 3/3
   715 | D:1      | Reached ** piety under Trog
  1380 | D:2      | You fall into a shaft and drop 2 floors!
  1420 | D:4      | Slain by an orc

Levels and vault maps discovered:
D:1:      dpeg_arrival_line_fractal, layout_rooms, serial_forest,
          infiniplex_forest_end_1, infiniplex_forest_3_way,
          infiniplex_forest_lined_corner, infiniplex_forest_clump_tiny,
          infiniplex_forest_end_2, infiniplex_forest_end_3,
          infiniplex_forest_straight_2, minmay_split_cup_large
D:2:      layout_basic
D:4:      layout_loops_ring, grunt_temple_overflow_cloverleaf, first_ration,
          uniq_pikel, uniq_natasha, uniq_blork_the_orc

Skill      XL: |  1  2  3 |
---------------+----------+-----
Dodging        | 2 |  2.3
Armour         | 3 |  3.1
Fighting       | |  3.2
Maces & Flails | |  3.6

Action                   || total
-------------------------++-------
Melee: Mace              ||   110
Invok: Berserk           ||     1
  Eat: Chunk             ||     2
Armor: Animal skin       ||    38
Dodge: Dodged            ||    86
Block: Other             ||     3

Table legend:
 A = Non-vault XP
 B = Vault XP
 C = Vault XP percentage of total XP
 D = Non-vault monster count
 E = Vault monster count
 F = Vault count percentage of total count
                 A         B        C        D         E       F
            +---------+---------+-------+---------+---------+-------
      Total |      74 |       5 |   6.3 |      31 |       4 |  11.4
            +---------+---------+-------+---------+---------+-------
        D:1 |      49 |       5 |   9.3 |      24 |       4 |  14.3
        D:2 |      17 |       0 |   0.0 |       4 |       0 |   0.0
        D:4 |       8 |       0 |   0.0 |       3 |       0 |   0.0
            +---------+---------+-------+---------+---------+-------
